 Dungeon Crawl Stone Soup version 0.24.0-123-gd5b16e6ec5 (webtiles) character file.

Game seed: 8610709616468303213, levelgen mode: deterministic

3290 Descartes the Geomancer (level 10, -7/75 HPs)
             Began as a Gargoyle Earth Elementalist on Feb 5, 2020.
             Was a Follower of Vehumet.
             Mangled by a skeletal warrior
             ... wielding a +0 mace
             ... led by a skeletal warrior
              (12 damage)
             ... on level 7 of the Dungeon.
             The game lasted 00:22:33 (9753 turns).

Descartes the Geomancer (GrEE)                      Turns: 9753, Time: 00:22:34

Health: -7/75      AC: 25    Str: 18    XL:     10   Next: 1%
Magic:  20/20      EV:  2    Int: 18    God:    Vehumet [*.....]
Gold:   514        SH:  4    Dex: 10    Spells: 6/23 levels left

rFire    x . .     SeeInvis .   e - +9 war axe of the Shining Light {speed, Str+5}
rCold    + . .     Gourm    +   k - +0 buckler
rNeg     + + +     Faith    .   (armour currently unavailable)
rPois    ∞         Spirit   .   (helmet currently unavailable)
rElec    .         Reflect  .   (cloak currently unavailable)
rCorr    .         Harm     .   (gloves currently unavailable)
MR       .....     NoTele   +   (boots currently unavailable)
Stlth    ++........             f - amulet of the gourmand
HPRegen  0.22/turn              y - ring of positive energy
MPRegen  0.17/turn              K - ring of ice

@: tree-form
A: negative energy resistance 1, petrification resistance, rot immunity, AC +7
a: Renounce Religion


You were on level 7 of the Dungeon.
You worshipped Vehumet.
Vehumet was aware of your devotion.
You were full.
You were a tree.
You visited 2 branches of the dungeon, and saw 9 of its levels.

You collected 514 gold pieces.

Inventory:

Hand Weapons
 e - the +9 war axe of the Shining Light (weapon) {speed, Str+5}
   (You found it on level 5 of the Dungeon)

   Attacks with this weapon are significantly faster.
   It affects your strength (+5).
 s - a +0 hunting sling of freezing
 C - a +2 dagger of pain
 D - a +0 hand axe of electrocution
Missiles
 b - 212 stones (quivered)
 i - 59 arrows
 j - 90 bolts
 l - 46 poisoned darts
 v - 55 sling bullets
 F - 14 boomerangs
 G - 4 javelins
 J - a throwing net
Armour
 g - a +0 helmet (melded)
 k - a +0 buckler (worn)
 n - a +2 pair of gloves (melded)
 x - a +0 ring mail of positive energy
 B - a +1 robe of fire resistance (melded)
 H - a scarf of cloud immunity (melded)
Jewellery
 f - an amulet of the gourmand (around neck)
 y - a ring of positive energy (left branch)
 A - an uncursed amulet of rage
 E - an uncursed ring of flight
 K - a ring of ice (right branch)
Wands
 I - a wand of iceblast (3)
Scrolls
 a - 3 scrolls of enchant weapon {unknown}
 c - 2 scrolls of enchant armour {unknown}
 h - 7 scrolls of identify
 m - a scroll of random uselessness {unknown}
 p - 3 scrolls of fog
 t - 2 scrolls of remove curse
 w - a scroll of blinking {unknown}
 z - 5 scrolls of teleportation {unknown}
Potions
 o - 2 potions of curing
 q - a potion of flight
 r - 2 potions of lignification
 u - a potion of ambrosia
Comestibles
 d - 14 rations


   Skills:
 - Level 3.1 Armour
 - Level 2.0 Dodging
 - Level 4.0 Stealth
 - Level 4.1 Shields
 * Level 7.0 Spellcasting
 - Level 4.7 Conjurations
 - Level 4.0 Transmutations
 * Level 9.5 Earth Magic


You had 6 spell levels left.
You knew the following spells:

 Your Spells              Type           Power        Failure   Level  Hunger
a - Sandblast             Erth           #####.       1%          1    None
b - Passwall              Tmut/Erth      ####....     1%          2    None
c - Stone Arrow           Conj/Erth      ####..       1%          3    ##.....
d - Petrify               Tmut/Erth      ####....     7%          4    ####...
e - Sticks to Snakes      Tmut           ###.....     3%          2    None
f - Lee's Rapid Deconstr  Erth           #####.....   6%          5    #####..

Your spell library contained the following spells:

 Spells                   Type           Power        Failure   Level  Hunger
 Magic Dart               Conj           ###.         1%          1    None
 Beastly Appendage        Tmut           ###...       1%          1    None
 Spider Form              Tmut/Pois      ##........   14%         3    ##.....
 Ice Form                 Ice/Tmut       ###.....     43%         4    ####...
 Blade Hands              Tmut           ###.......   50%         5    #####..


Dungeon Overview and Level Annotations

Branches:
Dungeon (8/15)             Temple (1/1) D:6
   Lair: D:8-11

Altars:
Ashenzari
Cheibriados
Dithmenos
Elyvilon
Fedhas
Gozag
Hepliaklqana
Kikubaaqudgha
Makhleb
Nemelex Xobeh
Okawaru
Qazlal
Ru
Sif Muna
Trog
Uskayaw
Vehumet
Wu Jian
Xom
Yredelemnul
Zin
The Shining One
Beogh


Innate Abilities, Weirdness & Mutations

You are resistant to torment.
((Your stone body is resilient. (AC +7)))
You are immune to poison.
You resist negative energy. (rN+)
((You are resistant to electric shocks. (rElec)))
((You can survive without breathing.))
You are immune to petrification.
You are immune to rotting.


Message History

Your adder bites the skeletal warrior but does no damage.
It was a potion of ambrosia.
You are confused.
You feel invigorated.
Your adder bites the skeletal warrior but does no damage.
You feel better.
You feel less invigorated.
Your adder bites the skeletal warrior but does no damage.
Your adder barely misses the skeletal warrior.
The skeletal warrior hits you but does no damage.
The skeletal warrior hits you with a +0 mace!
* * * LOW HITPOINT WARNING * * *
Your adder closely misses the skeletal warrior.
The skeletal warrior hits you with a +0 short sword!
* * * LOW HITPOINT WARNING * * *
You barely miss the skeletal warrior.
The skeletal warrior is moderately damaged.
You hit the skeletal warrior but do no damage.
Your adder barely misses the skeletal warrior.
The skeletal warrior hits you with a +0 mace!
You die...

............###..................
#..........####+###'##...........
#...................##...........
....................##...........
.................................
.................................
....#####................########
......##########.........######
...........# #♣z..#.........#
...........#####z#..+.........#
...........#....S#..#.........###
...........#.....#..#......÷.....
#..........#.........)...........
#..........#......#.##...........
...........##......>.+...........
..........###.....##.#...........
..........# #.....##.))#.........


You could see 2 skeletal warriors and a friendly adder.

Vanquished Creatures
  Pikel (D:6)
  2 hippogriffs (D:7)
  Eustachio (D:6)
  A hungry ghost (D:7)
  A water moccasin (D:4)
  A slave (D:6)
  An ice beast (D:4)
  A sky beast (D:6)
  A phantom (D:7)
  3 ogres
  A big kobold (D:7)
  A crocodile (D:7)
  A bullfrog (D:7)
  A gnoll sergeant (D:6)
  2 scorpions
  6 killer bees (D:7)
  A howler monkey (D:6)
  2 centaur zombies
  A crimson imp (D:6)
  A quasit (D:4)
  3 hounds
  3 jellies
  An orc priest (D:3)
  5 orc wizards
  2 iguanas
  3 worker ants
  A howler monkey skeleton (D:6)
  13 adders
  4 gnolls (D:6)
  A shadow imp (D:6)
  An ooze (D:2)
  2 adder skeletons
  3 worms (D:2)
  4 leopard geckos
  25 orcs
  8 bats
  5 giant cockroaches
  7 hobgoblins
  A jackal (D:4)
  3 quokkas
  A ball python (D:5)
  6 frilled lizards
  4 goblins
  A jackal zombie (D:6)
  10 kobolds
  2 leopard gecko skeletons
  A quokka skeleton (D:5)
  A quokka zombie (D:7)
  5 rats
156 creatures vanquished.

Notes
Turn   | Place    | Note
-------+----------+-------------------------------------------
     0 | D:1      | Descartes the Gargoyle Earth Elementalist began the quest
                  | for the Orb.
     0 | D:1      | Reached XP level 1. HP: 10/10 MP: 3/3
   748 | D:1      | Reached XP level 2. HP: 15/15 MP: 5/5
   911 | D:1      | Found a shimmering altar of Xom.
  1839 | D:2      | Reached skill level 4 in Earth Magic
  1839 | D:2      | Reached XP level 3. HP: 19/19 MP: 6/6
  2235 | D:2      | Reached skill level 1 in Shields
  2583 | D:2      | Reached skill level 1 in Armour
  2583 | D:2      | Reached XP level 4. HP: 19/24 MP: 7/7
  3900 | D:3      | Found a roughly hewn altar of Beogh.
  3905 | D:3      | Reached XP level 5. HP: 28/28 MP: 6/9
  4313 | D:4      | Learned a level 2 spell: Passwall
  4317 | D:4      | Learned a level 3 spell: Stone Arrow
  4322 | D:4      | Learned a level 4 spell: Petrify
  4841 | D:5      | Entered Level 5 of the Dungeon
  4897 | D:5      | Reached skill level 1 in Transmutations
  4897 | D:5      | Reached XP level 6. HP: 25/32 MP: 10/10
  5144 | D:5      | Noticed a water moccasin
  5162 | D:4      | Reached skill level 5 in Earth Magic
  5218 | D:5      | Reached skill level 1 in Conjurations
  5475 | D:5      | Noticed an ice beast
  5576 | D:4      | Killed a water moccasin
  5584 | D:4      | Reached XP level 7. HP: 4/36 MP: 9/12
  6061 | D:5      | Got an ancient war axe
  6068 | D:5      | Identified the +9 war axe of the Shining Light {speed,
                  | Str+5} (You found it on level 5 of the Dungeon)
  6683 | D:6      | Reached XP level 8. HP: 40/41 MP: 13/13
  6785 | D:6      | Found a staircase to the Ecumenical Temple.
  6802 | Temple   | Entered the Ecumenical Temple
  7209 | Temple   | Became a worshipper of Vehumet
  7258 | D:6      | Learned a level 2 spell: Sticks to Snakes
  7524 | D:6      | Reached skill level 6 in Earth Magic
  7764 | D:6      | Noticed Eustachio
  7887 | D:6      | Killed Eustachio
  8011 | D:6      | Reached * piety under Vehumet
  8011 | D:6      | Offered knowledge of Magic Dart by Vehumet.
  8022 | D:6      | Noticed Pikel
  8029 | D:6      | Killed Pikel
  8029 | D:6      | Reached skill level 5 in Spellcasting
  8029 | D:6      | Reached skill level 7 in Earth Magic
  8029 | D:6      | Reached XP level 9. HP: 37/45 MP: 14/16
  8340 | D:7      | Found a hide-covered altar of Uskayaw.
  8363 | D:7      | Found a sparkling altar of Nemelex Xobeh.
  8631 | D:7      | Reached skill level 8 in Earth Magic
  9459 | D:7      | Reached skill level 9 in Earth Magic
  9684 | D:7      | Reached XP level 10. HP: 50/50 MP: 20/20
  9703 | D:7      | Learned a level 5 spell: Lee's Rapid Deconstruction
  9725 | D:8      | Noticed a skeletal warrior
  9725 | D:8      | Noticed a skeletal warrior
  9753 | D:7      | Mangled by a skeletal warrior

Levels and vault maps discovered:
D:1:      psy_arrival_radial01, layout_basic, xom_teletrap_fun
D:2:      layout_basic, grunt_decor_arrowhead, small_statue_intersection
D:3:      layout_rooms, kennysheep_orc_chapel
D:4:      layout_cave_pools
D:5:      layout_layer_cave, first_ration, kennysheep_cross_room,
          minmay_joined_circles
D:6:      layout_basic, minmay_temple_entry_offerings, uniq_eustachio,
          uniq_pikel
D:7:      layout_basic, lemuel_crystal_altar, basic_altar
D:8:      layout_loops_ring, serial_shops, shop, uniq_psyche, uniq_gastronok,
          uniq_erica
Temple:   compressed_dpeg_triangle_lava_temple

Skill      XL: |  1  2  3  4  5  6  7  8  9 |
---------------+----------------------------+-----
Earth Magic    | 4 5 7 9 |  9.5
Shields        | 1 2 3 4 |  4.1
Armour         | 1 2 3 |  3.1
Dodging        | 2 |  2.0
Spellcasting   | 3 5 7 |  7.0
Stealth        | 3 4 |  4.0
Transmutations | 1 2 3 4 |  4.0
Conjurations   | 1 2 4 |  4.7

Action                   |  1- 3 |  4- 6 |  7- 9 | 10-12 || total
-------------------------+-------+-------+-------+-------++-------
Melee: Dagger            |   156 |   320 |    21 |       ||   497
       Unarmed           |     6 |       |       |       ||     6
       War axe           |       |       |   234 |     9 ||   243
 Cast: Sandblast         |    11 |    17 |    22 |     1 ||    51
       Petrify           |       |       |     1 |       ||     1
       Sticks to Snakes  |       |       |       |     1 ||     1
  Use: Potion            |       |     7 |       |     3 ||    10
       Scroll            |       |       |     3 |       ||     3
 Stab: Sleeping          |     5 |     3 |     4 |       ||    12
       Distracted        |       |       |     1 |       ||     1
       Petrifying        |       |       |     1 |       ||     1
  Eat: Chunk             |     6 |    25 |    12 |     1 ||    44
Armor: Leather armour    |    72 |   161 |       |       ||   233
       Skin              |       |    17 |       |     1 ||    18
       Robe              |       |       |    95 |     1 ||    96
       Ring mail         |       |       |    11 |       ||    11
Dodge: Dodged            |   101 |   179 |   131 |     2 ||   413
Block: Buckler           |       |       |    47 |     4 ||    51
